 Dungeon Crawl Stone Soup version 0.30.1-4-g462c640d31 (webtiles) character file.

Game seed: 17050789759808453792

186 Peloso the Covered (level 5, -2/46 HPs)
             Began as a Hill Orc Fighter on Aug 27, 2023.
             Slain by a scorpion (4 damage)
             ... on level 3 of the Dungeon.
             The game lasted 00:06:04 (2814 turns).

Peloso the Covered (Hill Orc Fighter)               Turns: 2814, Time: 00:06:06

Health: -2/46      AC:  9    Str: 19    XL:     5   Next: 65%
Magic:  5/5        EV:  9    Int:  8    God:
Gold:   190        SH:  5    Dex: 12    Spells: 4/4 levels left

rFire   . . .        a - +0 long sword
rCold   . . .        d - +0 buckler
rNeg    . . .        b - +0 scale mail
rPois   .            v - +0 helmet
rElec   .            q - +0 cloak
rCorr   .            (no gloves)
SInv    .            (no boots)
Will    .....        (no amulet) Stlth
                     (no ring)
HPRegen 0.27/turn    (no ring)
MPRegen 0.09/turn

%: no passive effects
@: lethally poisoned (-2 -> -18)
A: no striking features
a: no special abilities


You were on level 3 of the Dungeon.
You visited 1 branch of the dungeon, and saw 4 of its levels.

You collected 190 gold pieces.

Inventory:

Hand Weapons
 a - a +0 long sword (weapon)
 c - a +1 short sword of flaming
Armour
 b - a +0 scale mail (worn)
 d - a +0 buckler (worn)
 q - a +0 cloak (worn)
 v - a +0 helmet (worn)
Wands
 u - a wand of roots (6)
Scrolls
 f - a scroll of identify {unknown}
 i - a scroll of poison {unknown}
 j - 3 scrolls of fog {unknown}
 k - 2 scrolls of noise {unknown}
 m - a scroll of amnesia {unknown}
 o - a scroll of blinking {unknown}
 p - a scroll of immolation {unknown}
 s - a scroll of teleportation {unknown}
 w - a scroll of torment {unknown}
 x - a scroll of butterflies {unknown}
Potions
 e - 2 potions of mutation {unknown}
 g - 2 potions of brilliance {unknown}
 h - a potion of magic {unknown}
 l - a potion of attraction {unknown}
 n - a potion of might
 r - a potion of degeneration {unknown}
 t - a potion of berserk rage {unknown}


   Skills:
 + Level 4.0 Fighting
 + Level 4.0 Long Blades
 + Level 4.3 Armour
 + Level 1.2 Dodging
 + Level 0.1 Stealth
 + Level 4.2 Shields


You had 4 spell levels left.
You didn't know any spells.
Your spell library contained the following spells:

 Spells                   Type           Power      Damage    Failure   Level
 Magic Dart               Conj           0%         1d3       83%         1
 Slow                     Hex            0%         N/A       83%         1
 Summon Small Mammal      Summ           0%         N/A       83%         1
 Searing Ray              Conj           0%         2d4       93%         2
 Call Canine Familiar     Summ           0%         N/A       99%         3
 Summon Guardian Golem    Hex/Summ       0%         N/A       99%         3
 Fulminant Prism          Conj/Hex       0%         3d5       100%        4


Dungeon Overview and Level Annotations

Branches:
Dungeon (4/15)
 Temple: D:4-7

Altars:


Message History

You hit the scorpion but do no damage.
You feel sick.
The scorpion stings you but does no damage.
You closely miss the scorpion.
You feel sick. The scorpion stings you.
You are more poisoned.
The scorpion poisons you! The scorpion stings you.
You are lethally poisoned!
The scorpion poisons you!
You hit the scorpion.
The scorpion is moderately wounded.
You feel extremely sick. You block the scorpion's attack.
You hit the scorpion.
The scorpion is moderately wounded.
You feel very sick.
The scorpion stings you but does no damage.
You hit the scorpion.
The scorpion is severely wounded.
* * * LOW HITPOINT WARNING * * *
You feel very sick. The scorpion barely misses you. The scorpion stings you.
* * * LOW HITPOINT WARNING * * *
You closely miss the scorpion.
The scorpion is severely wounded.
* * * LOW HITPOINT WARNING * * *
You feel very sick.
The scorpion stings you but does no damage.
The scorpion completely misses you.
You hit the scorpion.
The scorpion is almost dead.
* * * LOW HITPOINT WARNING * * *
You feel sick.
The scorpion stings you but does no damage.
You barely miss the scorpion.
The scorpion is almost dead.
* * * LOW HITPOINT WARNING * * *
You feel sick. The scorpion stings you.
* * * LOW HITPOINT WARNING * * *
You are more poisoned.
The scorpion poisons you! The scorpion stings you.
You die...

##...########.# #..####.........#
.......)......###.....'.........'
##...#####.###.....####.........#
#..#### #.# ###..## ##.......##
#.....# #.# #.## ##.....##
#.###.# #.# #.# ##...## #.# #.#
#.# #.# ##'## #.###.###.# #.# #.#
#.........# ##@## #.#
######.##### ##s#.#########.##
### #.# #>###......##...#### ..#
#.# ##.#.#####.......... #.# #.#
##.## ####...#### #.####.# ###
##.## .......# #.# #.###### #.#
..# #.#


You could see a scorpion.

Vanquished Creatures
  A hound (D:3)
  Jessica (D:3)
  2 gnolls (D:3)
  4 adders
  A dart slug (D:1)
  An orc (D:3)
  6 ball pythons
  6 bats
  10 endoplasms
  4 giant cockroaches
  10 goblins
  5 hobgoblins
  3 kobolds
  3 quokkas
  7 frilled lizards (D:1)
  4 rats
68 creatures vanquished.

Notes
Turn   | Place    | Note
-------+----------+-------------------------------------------
     0 | D:1      | Peloso the Hill Orc Fighter began the quest for the Orb.
     0 | D:1      | Reached XP level 1. HP: 19/19 MP: 1/1
    85 | D:1      | Reached XP level 2. HP: 27/27 MP: 2/2
   319 | D:1      | Reached XP level 3. HP: 10/33 MP: 3/3
   510 | D:1      | Found a faded altar of an unknown god.
  1131 | D:2      | Reached XP level 4. HP: 40/40 MP: 4/4
  2357 | D:3      | Noticed Jessica
  2370 | D:3      | Killed Jessica
  2371 | D:3      | Reached skill level 1 in Dodging
  2371 | D:3      | Reached XP level 5. HP: 42/46 MP: 5/5
  2398 | D:3      | Got Jessica's Lectures on Anathema
  2814 | D:3      | HP: 2/46 [scorpion (1)]
  2814 | D:3      | Slain by a scorpion

Illustrated notes

Levels and vault maps discovered:
D:1:      psy_arrival_terrarium, layout_basic,
          shapermc_ecumenical_altar_flowoftime
D:2:      layout_loops_corners
D:3:      layout_loops_corners, kennysheep_jessica_study
D:4:      layout_cave_pools, kennysheep_little_box, grunt_ministairs_1

Skill      XL: |  1  2  3  4  5 |
---------------+----------------+-----
Long Blades    | 3 4 |  4.0
Armour         | 4 |  4.3
Shields        | 4 |  4.2
Fighting       | 4 |  4.0
Dodging        | 1 |  1.2
Stealth        | |  0.1

Action                     |  1- 3 |  4- 6 || total
---------------------------+-------+-------++-------
  Melee: Long sword        |   133 |   133 ||   266
 Armour: Scale mail        |    70 |    85 ||   155
  Dodge: Dodged            |    77 |    70 ||   147
  Block: Buckler           |    36 |    44 ||    80
